 Dungeon Crawl Stone Soup version 0.30-a0-782-ge64f9170bb (webtiles) character file.

Game seed: 10528180671932992580

406 Dirian the Chopper (level 6, -6/53 (55) HPs)
             Began as a Minotaur Fighter on Mar 8, 2023.
             Mangled by a wight
             ... wielding a +0 great sword
              (16 damage)
             ... on level 3 of the Dungeon.
             The game lasted 00:05:11 (1966 turns).

Dirian the Chopper (Minotaur Fighter)               Turns: 1966, Time: 00:05:12

HP:   -6/53 (55)    AC:  5    Str: 21 (23) XL:     6   Next: 56%
MP:   5/5           EV:  9    Int:  3 (5)  God:
Gold: 49            SH:  4    Dex:  7 (9)  Spells: 5/5 levels left

rFire   . . .      SeeInvis .    a - +0 war axe
rCold   . . .      Faith    .    c - +0 buckler
rNeg    . . .      Spirit   .    b - +0 scale mail
rPois   .          Reflect  .    (helmet restricted)
rElec   .          Harm     .    (no cloak)
rCorr   .          Rampage  .    (no gloves)
Will    .....                    d - +0 pair of boots Stlth
                                 (no amulet)
HPRegen 0.28/turn                (no ring)
MPRegen 0.09/turn                (no ring)

@: lightly drained
A: horns 2, retaliatory headbutt, deformed body, sense surroundings 1
a: no special abilities


You were on level 3 of the Dungeon.
You visited 1 branch of the dungeon, and saw 3 of its levels.

You collected 49 gold pieces.

Inventory:

Hand Weapons
 a - a +0 war axe (weapon)
Armour
 b - a +0 scale mail (worn)
 c - a +0 buckler (worn)
 d - a +0 pair of boots (worn)
Jewellery
 p - a ring of magical power
Wands
 q - a wand of flame (18)
Scrolls
 e - 2 scrolls of vulnerability
 f - a scroll of fog
 r - 2 scrolls of identify
 t - a scroll of teleportation
Potions
 m - a potion of attraction


   Skills:
 + Level 4.8 Fighting
 + Level 5.4 Axes
 * Level 2.9 Staves
 + Level 5.1 Armour
 + Level 4.6 Shields


You had 5 spell levels left.
You didn't know any spells.
Your spell library was empty.

Dungeon Overview and Level Annotations

Branches:
Dungeon (3/15) Zot: 15968

Altars:
Nemelex Xobeh

Shops:
D:1 *   D:2 (   D:3 [


Innate Abilities, Weirdness & Mutations

You have a pair of horns on your head.
You reflexively headbutt those who attack you in melee.
Armour fits poorly on your strangely shaped body.
You passively map a small area around you.


Message History

You block the orc's attack. The adder barely misses you.
The wight attacks as you move away! You block the wight's attack.
The orc attacks as you move away! The orc hits you with a +0 club.
The orc throws a boomerang.
The boomerang closely misses you.
Okay, then.
You slash the adder!
You kill the adder!
You hear the slow rusting of a drain nearby.
Your Armour skill increases to level 5!
You slash the wight!
The wight is severely damaged.
You block the wight's attack. The wight hits you with a +3 scimitar!
You feel drained.
You closely miss the wight.
The wight is severely damaged.
The wight closely misses you. The wight barely misses you.
You furiously retaliate!
You headbutt the wight.
You destroy the wight!
The wight hits you from afar with a +3 spear.
You feel drained.
You barely miss the orc. Your headbutt misses the orc.
You slash the orc wizard!
The orc wizard hits you with a +0 dagger.
The orc closely misses you. You block the wight's attack.
You barely miss the orc. You hit the orc wizard.
The wight hits you from afar with a +3 spear!
* * * LOW HITPOINT WARNING * * *
You feel drained.
* * * LOW HITPOINT WARNING * * *
The orc wizard points at you and mumbles some strange words.
You resist with some effort. You block the orc's attack.
You slash the orc!
You kill the orc!
You closely miss the orc wizard. You block the orc wizard's attack.
The wight misses you.
You barely miss the wight.
You headbutt the wight, but do no damage.
You barely miss the orc wizard. The wight barely misses you.
The wight hits you with a +0 great sword!
You die...

,, * ....... , .... , , ,
........## ...., ,
............. ..... , ,
............ ..... ,
........... ....... ,
..........# #...#...
.........z##........,
.....<..zzz@........
......))oo##o........
..........###....... *
##............$..#.########
########....#####........ ,
#..o.'............ ,
#o...#.........# .. , ,
#....#.........# ..# ,, ,
*#....#.........#....


You could see 4 wights, an orc wizard and 2 orcs.

Vanquished Creatures
  Sigmund (D:2)
  A wight (D:3)
  Natasha (thrice) (D:2)
  5 adders
  3 dart slugs
  4 orcs (D:3)
  5 ball pythons
  2 endoplasms
  5 goblins
  14 hobgoblins
  4 quokkas
  8 bats
  2 frilled lizards
  7 kobolds
  4 rats (D:1)
68 creatures vanquished.

Notes
Turn   | Place    | Note
-------+----------+-------------------------------------------
     0 | D:1      | Dirian the Minotaur Fighter began the quest for the Orb.
     0 | D:1      | Reached XP level 1. HP: 19/19 MP: 0/0
   150 | D:1      | Reached XP level 2. HP: 27/27 MP: 1/1
   178 | D:1      | Found Qiufif's Assorted Antiques.
   877 | D:2      | Reached XP level 3. HP: 33/33 MP: 2/2
   899 | D:2      | Found Pocwade's Weapon Shoppe.
  1166 | D:2      | Reached XP level 4. HP: 40/40 MP: 3/3
  1188 | D:2      | Noticed Natasha
  1199 | D:2      | Killed Natasha
  1200 | D:2      | Reached skill level 1 in Staves
  1267 | D:2      | Noticed Sigmund
  1282 | D:2      | Killed Sigmund
  1283 | D:2      | Reached XP level 5. HP: 41/47 MP: 4/4
  1283 | D:2      | Reached XP level 6. HP: 47/53 MP: 5/5
  1352 | D:2      | Noticed Natasha
  1358 | D:2      | Killed Natasha
  1359 | D:2      | Reached skill level 5 in Axes
  1444 | D:2      | Noticed Natasha
  1449 | D:2      | Killed Natasha
  1732 | D:2      | Gained mutation: You passively map a small area around you.
                  | [potion of mutation]
  1732 | D:2      | Gained mutation: Armour fits poorly on your strangely
                  | shaped body. [potion of mutation]
  1817 | D:3      | Found Dupheudgh's Antique Armour Boutique.
  1859 | D:3      | Found a sparkling altar of Nemelex Xobeh.
  1961 | D:3      | Reached skill level 5 in Armour
  1966 | D:3      | Mangled by a wight

Illustrated notes

Levels and vault maps discovered:
D:1:      kilobyte_arrival_exit_the_forest, layout_basic, serial_shops,
          nicolae_shop_stone
D:2:      layout_basic, serial_shops, nicolae_shop_window_shopping,
          uniq_sigmund, uniq_natasha
D:3:      layout_basic, nemelex_spade_bored_becter, serial_shops, shop,
          portal_sewer_entry_a

Skill      XL: |  1  2  3  4  5  6 |
---------------+-------------------+-----
Armour         | 4 5 |  5.1
Fighting       | 4 |  4.8
Shields        | 4 |  4.6
Axes           | 3 4 5 |  5.4
Staves         | 2 |  2.9

Action                     |  1- 3 |  4- 6 || total
---------------------------+-------+-------++-------
  Melee: War axe           |    73 |    52 ||   125
         Headbutt          |     6 |     7 ||    13
    Use: Scroll            |     1 |     4 ||     5
         Potion            |       |     8 ||     8
 Armour: Scale mail        |    33 |    20 ||    53
  Dodge: Dodged            |    38 |    27 ||    65
  Block: Buckler           |    14 |    16 ||    30

Table legend: (Time is in decaauts)
 A = Elapsed time spent in this place.
 B = Non-inter-level travel time spent in this place.
 C = Inter-level travel time spent in this place.
 D = Time resting spent in this place.
 E = Time spent auto-exploring this place.
 F = Levels seen in this place.
 G = Mean time per level.
                   A        B        C        D        E       F      G
               +--------+--------+--------+--------+--------+-----+--------+
         Total |   2030 |   1961 |     69 |     41 |   1438 |   3 |  676.7 |
       Dungeon |   2030 |   1961 |     69 |     41 |   1438 |   3 |  676.7 |
               +--------+--------+--------+--------+--------+-----+--------+

Top non-repeatable levels by time:
     D:2: 970 daAuts
     D:1: 900 daAuts
     D:3: 158 daAuts
